 Dungeon Crawl Stone Soup version 0.23.2-40-g277498a001 (webtiles) character file.

Game seed: 16679645117217468513

3918 BreadTh the Covert (level 10, -6/45 HPs)
             Began as a Spriggan Wizard on Sept 8, 2019.
             Was an Initiate of Vehumet.
             Mangled by a killer bee (9 damage)
             ... on level 8 of the Dungeon.
             The game lasted 00:29:40 (10375 turns).

BreadTh the Covert (Spriggan Wizard)               Turns: 10375, Time: 00:29:41

Health: -6/45      AC:  3    Str:  3    XL:     10   Next: 1%
Magic:  13/24      EV: 26    Int: 23    God:    Vehumet [......]
Gold:   433        SH:  0    Dex: 18    Spells: 19/28 levels left

rFire    . . .     SeeInvis +   H - +5 mace (holy)
rCold    . . .     Gourm    .   (shield restricted)
rNeg     . . .     Faith    .   a - +0 robe
rPois    .         Spirit   .   b - +1 hat
rElec    .         Reflect  .   g - scarf {repulsion}
rCorr    .         Harm     .   (gloves unavailable)
MR       +....                  (boots unavailable)
Stlth    ++++++....             (no amulet)
HPRegen  0.15/turn              E - ring of stealth
MPRegen  0.19/turn              F - +3 ring of dexterity

@: repel missiles, very quick
A: very small, unfitting armour, see invisible, herbivore, speed 3, slow
metabolism 2
a: Renounce Religion


You were on level 8 of the Dungeon.
You worshipped Vehumet.
Vehumet was noncommittal.
You were not hungry.

You visited 1 branch of the dungeon, and saw 8 of its levels.
You also visited: Sewer.

You collected 433 gold pieces.

Inventory:

Hand Weapons
 h - a +1 whip of flaming
 k - a +0 short sword
 w - a +3 dagger of draining
 x - a +0 flail of protection
 C - a +0 whip of electrocution
 G - a +2 whip of venom
 H - a +5 mace of holy wrath (weapon)
Missiles
 m - 250 stones (quivered)
 t - 40 poisoned needles
 I - 6 needles of confusion
Armour
 a - a +0 robe (worn)
 b - a +1 hat (worn)
 g - a scarf of repulsion (worn)
Jewellery
 i - an uncursed ring of ice
 E - a ring of stealth (left hand)
 F - a +3 ring of dexterity (right hand)
 L - an uncursed amulet of faith {unknown}
Wands
 u - a wand of polymorph (4)
 J - a wand of paralysis (6)
Scrolls
 e - 4 scrolls of identify
 l - 4 scrolls of holy word {unknown}
 n - 4 scrolls of teleportation {unknown}
 p - 4 scrolls of random uselessness {unknown}
 q - a scroll of enchant weapon
 y - 2 scrolls of remove curse
 z - 2 scrolls of blinking
Potions
 c - 4 potions of haste {unknown}
 f - 4 potions of degeneration {unknown}
 j - a potion of resistance {unknown}
 o - 2 potions of cancellation {unknown}
 r - 3 potions of agility
 s - 8 potions of curing {unknown}
 v - 5 potions of heal wounds
 A - a potion of brilliance {unknown}
 B - 2 potions of flight {unknown}
 D - 3 potions of mutation {unknown}
 K - 2 potions of berserk rage {unknown}
Comestibles
 d - 20 rations


   Skills:
 - Level 1.0 Fighting
 - Level 10.0 Dodging
 - Level 10.3 Stealth
 + Level 9.8 Spellcasting
 - Level 6.1 Conjurations
   Level 0.7 Summonings
 - Level 1.5 Translocations


You had 19 spell levels left.
You knew the following spells:

 Your Spells              Type           Power        Failure   Level  Hunger
a - Magic Dart            Conj           ####         1%          1    None
b - Blink                 Tloc           N/A          4%          2    None
c - Mephitic Cloud        Conj/Pois/Air  ###.....     8%          3    None
d - Conjure Flame         Conj/Fire      ####....     4%          3    None

Your spell library contained the following spells:

 Spells                   Type           Power        Failure   Level  Hunger
 Stone Arrow              Conj/Erth      ####..       4%          3    None
 Sandblast                Erth           ##....       6%          1    None
 Call Imp                 Summ           ##......     6%          2    None
 Passwall                 Tmut/Erth      ##......     9%          2    None
 Slow                     Hex            ##......     9%          2    None
 Petrify                  Tmut/Erth      ##......     50%         4    ##.....
 Lee's Rapid Deconstruct  Erth           ##........   85%         5    ####...


Dungeon Overview and Level Annotations

Branches:
Dungeon (8/15)             Temple (0/1) D:5
   Lair: D:8-11

Altars:
Ashenzari
Dithmenos
Elyvilon
Fedhas
Kikubaaqudgha
Qazlal
Ru
Uskayaw
Vehumet
The Shining One

Annotations:
D:2 dig -> food
D:8 Harold


Innate Abilities, Weirdness & Mutations

You are very small and have problems with some larger weapons.
You are too small for most types of armour.
You have supernaturally acute eyesight. (SInv)
You are a herbivore.
You cover ground extremely quickly.
You need to consume almost no food.


Message History

The killer bee stings you but does no damage.
The gnoll sergeant barely misses you. The killer bee stings you!
* * * LOW HITPOINT WARNING * * *
The gnoll hits you but does no damage.
You tear a large gash into the net.
The killer bee closely misses you. The gnoll sergeant closely misses you.
The gnoll hits you with a +0 flail.
* * * LOW HITPOINT WARNING * * *
The killer bee stings you but does no damage.
The gnoll hits you but does no damage.
Casting: Magic Dart (safe; 1% risk of failure)
Confirm with . or Enter, or press ? or * to list all spells.
You blink.
The gnoll sergeant hits you with a +0 spear.
* * * LOW HITPOINT WARNING * * *
The killer bee stings you.
* * * LOW HITPOINT WARNING * * *
The gnoll sergeant completely misses you.
Found 15 sling bullets.
The killer bee stings you!
You die...

...[.>.....
.....>....#.............
........................
...................z....
..................[.....
........(...............
.............###........
.........g..............
....(..@cg..............
########ygg.@.<.....?...
#....ยง....(......
#...(.####.......
####### #.......
#....... #.$.....
##...... ##.....


You could see Harold, a gnoll sergeant, a centaur, a killer bee and 3 gnolls.

Vanquished Creatures
  Joseph (D:7)
  Grinder (D:4)
  Sigmund (D:3)
  A hippogriff (D:7)
  Eustachio (D:6)
  Edmund (D:4)
  Duvessa (D:6)
  An ice beast (D:5)
  A phantom (D:7)
  2 sky beasts (D:6)
  6 ogres
  4 necrophages (D:7)
  2 centaurs
  A crocodile (Sewer)
  Blork the orc (D:4)
  2 bullfrogs
  2 scorpions
  Dowan (D:6)
  2 killer bees (D:8)
  A bullfrog zombie (D:8)
  3 hounds
  2 orc priests (D:4)
  A jelly (D:5)
  4 orc wizards
  2 bullfrog skeletons
  2 centaur skeletons
  Jessica (D:2)
  An iguana (D:7)
  Natasha (thrice) (D:2)
  3 worker ants (D:4)
  A killer bee zombie (D:7)
  A hound zombie (D:7)
  A howler monkey zombie (D:6)
  A worker ant zombie (D:5)
  6 adders
  A river rat (D:5)
  A shadow imp (D:7)
  An ooze (D:4)
  2 dart slugs
  3 leopard geckos
  17 orcs
  12 giant cockroaches
  6 goblins
  2 hobgoblins
  11 jackals
  8 kobolds
  A quokka (D:2)
  5 bats
  5 frilled lizards
  A giant cockroach zombie (D:6)
  4 rats
145 creatures vanquished.

Vanquished Creatures (others)
  2 bushes (D:7)
  5 plants (D:7)
7 creatures vanquished.

Grand Total: 152 creatures vanquished

Notes
Turn   | Place    | Note
-------+----------+-------------------------------------------
     0 | D:1      | BreadTh the Spriggan Wizard began the quest for the Orb.
     0 | D:1      | Reached XP level 1. HP: 9/9 MP: 6/6
   152 | D:1      | Reached skill level 1 in Conjurations
   296 | D:1      | Reached XP level 2. HP: 13/13 MP: 0/8
  1276 | D:2      | Noticed Natasha
  1425 | D:2      | Noticed a crimson imp
  1425 | D:2      | Killed Natasha
  1425 | D:2      | Reached XP level 3. HP: 16/16 MP: 2/9
  1533 | D:2      | Found a glowing golden altar of the Shining One.
  1549 | D:2      | Noticed Natasha
  1556 | D:2      | Killed Natasha
  1556 | D:2      | Reached XP level 4. HP: 15/21 MP: 2/11
  1629 | D:2      | Learned a level 2 spell: Blink
  1633 | D:2      | Learned a level 3 spell: Mephitic Cloud
  1637 | D:2      | Learned a level 3 spell: Conjure Flame
  1637 | D:2      | Noticed Natasha
  1650 | D:2      | Killed Natasha
  1800 | D:2      | Found a shattered altar of Ashenzari.
  2040 | D:2      | Noticed Jessica
  2044 | D:2      | Killed Jessica
  2044 | D:2      | Reached XP level 5. HP: 24/24 MP: 7/12
  2503 | D:3      | Noticed Sigmund
  3510 | D:4      | Noticed Grinder
  3931 | D:3      | Killed Sigmund
  3931 | D:3      | Reached skill level 5 in Conjurations
  3931 | D:3      | Reached XP level 6. HP: 11/28 MP: 3/13
  4777 | D:4      | Paralysed by Grinder for 5 turns
  4778 | D:4      | Noticed Edmund
  4792 | D:4      | Killed Grinder
  4792 | D:4      | Reached XP level 7. HP: 21/32 MP: 4/14
  4925 | D:4      | Killed Edmund
  5165 | D:4      | Reached skill level 1 in Fighting
  5585 | D:4      | Noticed Blork the orc
  5614 | D:4      | Killed Blork the orc
  5614 | D:4      | Reached skill level 5 in Stealth
  5614 | D:4      | Reached skill level 5 in Spellcasting
  5614 | D:4      | Reached XP level 8. HP: 34/37 MP: 5/16
  5833 | D:5      | Entered Level 5 of the Dungeon
  5859 | D:5      | Found a staircase to the Ecumenical Temple.
  5900 | D:5      | Found a glowing drain.
  6008 | Sewer    | Entered a sewer
  6128 | Sewer    | Reached skill level 5 in Dodging
  6996 | D:6      | Noticed Eustachio
  7087 | D:6      | Killed Eustachio
  7269 | D:6      | Found a shattered altar of Ashenzari.
  7361 | D:6      | You fall through a shaft!
  7361 | D:7      | Found a hide-covered altar of Uskayaw.
  7362 | D:7      | Noticed Joseph
  7543 | D:6      | Reached XP level 9. HP: 41/41 MP: 13/20
  7693 | D:6      | Found a shadowy altar of Dithmenos.
  7802 | D:6      | Noticed Duvessa
  7802 | D:6      | Noticed Dowan
  7812 | D:6      | Killed Dowan
  7829 | D:6      | Killed Duvessa
  8814 | D:7      | Killed Joseph
  8814 | D:7      | Reached skill level 10 in Stealth
  9370 | D:7      | Found a stormy altar of Qazlal.
  9537 | D:7      | Found a radiant altar of Vehumet.
  9537 | D:7      | Found an ancient bone altar of Kikubaaqudgha.
  9537 | D:7      | Found a sacrificial altar of Ru.
  9578 | D:7      | Became a worshipper of Vehumet
  9647 | D:7      | Found a blossoming altar of Fedhas.
  9895 | D:7      | Reached skill level 10 in Dodging
 10283 | D:8      | Found a white marble altar of Elyvilon.
 10321 | D:8      | Reached XP level 10. HP: 45/45 MP: 14/24
 10355 | D:8      | Noticed Harold
 10375 | D:8      | Mangled by a killer bee

Skill      XL: |  1  2  3  4  5  6  7  8  9 |
---------------+----------------------------+-----
Conjurations   | 1 2 3 5 6 |  6.1
Fighting       | 1 |  1.0
Stealth        | 5 8 10 | 10.3
Dodging        | 4 7 10 | 10.0
Spellcasting   | 5 7 9 |  9.8
Summonings     | |  0.7
Translocations | |  1.5

Action                   |  1- 3 |  4- 6 |  7- 9 | 10-12 || total
-------------------------+-------+-------+-------+-------++-------
Melee: Short sword       |    23 |     1 |       |       ||    24
       Dagger            |       |     1 |       |       ||     1
       Whip              |       |     1 |    54 |       ||    55
       Mace              |       |       |    19 |     1 ||    20
 Cast: Magic Dart        |    65 |   163 |   389 |     7 ||   624
       Mephitic Cloud    |       |       |     5 |       ||     5
       Conjure Flame     |       |       |    10 |       ||    10
       Blink             |       |       |       |     1 ||     1
  Use: Scroll            |       |       |     7 |       ||     7
 Stab: Confused          |       |       |     2 |       ||     2
       Sleeping          |       |       |     1 |       ||     1
  Eat: Ration            |       |       |     3 |       ||     3
Armor: Robe              |     3 |     2 |     1 |     4 ||    10
       Skin              |       |     1 |       |       ||     1
Dodge: Dodged            |    40 |    22 |    92 |    12 ||   166
       Deflected         |     2 |       |     3 |       ||     5
